 Dungeon Crawl Stone Soup version 0.20-a0-681-gf83e07f (webtiles) character file.

1240 Colliwobble the Basher (level 8, -4/46 HPs)
             Began as a Gargoyle Fighter on Feb 19, 2017.
             Was a Believer of Cheibriados.
             Slain by an orc warrior
             ... wielding a cursed -1 hand axe
              (13 damage)
             ... on level 6 of the Dungeon.
             The game lasted 00:10:33 (4175 turns).

Colliwobble the Basher (Gargoyle Fighter)           Turns: 4175, Time: 00:10:34

Health: -4/46      AC: 14    Str: 28    XL:     8   Next: 49%
Magic:  8/9        EV:  7    Int: 13    God:    Cheibriados [**....]
Gold:   240        SH: 10    Dex: 14    Spells: 7/7 levels left

rFire    . . .     SeeInvis .   a - +0 flail
rCold    . . .     Gourm    .   b - +0 scale mail
rNeg     + . .     Faith    .   c - +0 shield
rPois    ∞         Spirit   .   (no helmet)
rElec    +         Reflect  .   E - +0 cloak
rCorr    .         Harm     .   (no gloves)
MR       .....                  h - +0 pair of boots
Stlth    ..........             (no amulet)
Regen    0.2/turn               (no ring)
MPRegen  0.2/turn               (no ring)

@: very slow
A: negative energy resistance 1, electricity resistance, unbreathing,
petrification resistance, rot immunity, AC +5
a: Bend Time, Renounce Religion


You were on level 6 of the Dungeon.
You worshipped Cheibriados.
Cheibriados was pleased with you.
You were not hungry.

You visited 1 branch of the dungeon, and saw 6 of its levels.

You collected 240 gold pieces.

Inventory:

Hand Weapons
 a - a +0 flail (weapon)
 x - a +0 morningstar
Armour
 b - a +0 scale mail (worn)
 c - a +0 shield (worn)
 h - a +0 pair of boots (worn)
 E - a +0 cloak (worn)
Wands
 y - a wand of polymorph (12/24)
Scrolls
 e - 2 scrolls of magic mapping {unknown}
 g - a scroll of enchant armour {unknown}
 k - a scroll of enchant weapon {unknown}
 m - 6 scrolls of identify {unknown}
 o - 2 scrolls of fear {unknown}
 q - 2 scrolls of blinking {unknown}
 t - 2 scrolls of teleportation {unknown}
 u - a scroll of random uselessness {unknown}
 v - a scroll of immolation {unknown}
 A - a scroll of fog {unknown}
 B - a scroll of amnesia {unknown}
 F - a scroll of remove curse {unknown}
Potions
 j - a potion of agility {unknown}
 n - a potion of heal wounds {unknown}
 p - 4 potions of curing {unknown}
 r - a potion of mutation {unknown}
 C - a potion of flight {unknown}
Books
 z - a book of Cantrips

   Spells                             Type                      Level
   a - Confusing Touch                Hexes                        1
   b - Animate Skeleton               Necromancy                   1
   c - Summon Small Mammal            Summoning                    1
   d - Apportation                    Translocation                1
Comestibles
 d - 2 chunks of flesh
 f - 2 bread rations
 i - 4 fruits
 l - a meat ration
 w - a royal jelly


   Skills:
 - Level 3.2 Fighting
 + Level 9.9 Maces & Flails
 - Level 3.2 Armour
 - Level 3.2 Shields
 - Level 2.1 Invocations


You had 7 spell levels left.
You didn't know any spells.

Dungeon Overview and Level Annotations

Branches:
Dungeon (6/15)
 Temple: D:4-7

Altars:
Ashenzari
Cheibriados
Makhleb
Yredelemnul
The Shining One

Shops:
D:4 }


Innate Abilities, Weirdness & Mutations

You are resistant to torment.
Your stone body is resilient. (AC +5)
You are immune to poison.
You resist negative energy. (rN+)
You are resistant to electric shocks. (rElec)
You can survive without breathing.
You are immune to petrification.
You are immune to rotting.


Message History

The orc warrior hits you but does no damage.
You closely miss the orc warrior.
The orc warrior is moderately wounded.
You block the orc warrior's attack. The flow of time bends around you.
Cheibriados rebukes the orc warrior.
The orc warrior seems to slow down.
You feel slightly more hungry. The orc warrior barely misses you.
You hit the orc warrior.
The orc warrior is heavily wounded.
The orc warrior hits you with a hand axe.
* * * LOW HITPOINT WARNING * * *
There is a stone staircase leading up here.
You block the orc warrior's attack.
Some of the chunks of flesh in your inventory have rotted away.
You block the orc warrior's attack.
The orc warrior is no longer moving slowly.
You block the orc warrior's attack.
The orc warrior hits you with a hand axe!
You die...

#.......#.###### .......
.##. #.......#.# # ##
#.......#.# # #########.#
>.......#.#####
##.#>##.#.....# ##.#.##.#
###.######### #....##.#
#.....<.....##.
...#.##.###.#.##@........
......>.......##o.###..#
###########.##......#..##
#.##.#..#......
#.##.#.......#.
#.......###..#..
####.#......<...
#..(....###.# ####.##.#


You could see an orc warrior.

Vanquished Creatures
  The ghost of
  100101001 the Insei, a novice DsWn (D:5)
  3 ogres
  A centaur (D:6)
  A scorpion (D:6)
  A jelly (D:6)
  A quasit (D:6)
  3 orc priests
  A hound (D:5)
  3 worker ants (D:4)
  A hound skeleton (D:5)
  A howler monkey zombie (D:4)
  6 adders
  An ooze (D:2)
  2 worms
  A dart slug (D:2)
  6 leopard geckos
  14 orcs
  4 bats
  8 goblins
  6 hobgoblins
  5 jackals
  2 quokkas
  3 ball pythons
  3 frilled lizards
  9 kobolds
  6 rats
93 creatures vanquished.

Notes
Turn   | Place    | Note
-------+----------+-------------------------------------------
     0 | D:1      | Colliwobble the Gargoyle Fighter began the quest for the Orb.
     0 | D:1      | Reached XP level 1. HP: 14/14 MP: 1/1
   186 | D:1      | Reached XP level 2. HP: 18/19 MP: 2/2
   328 | D:1      | Reached skill level 3 in Maces & Flails
   626 | D:2      | Reached XP level 3. HP: 23/23 MP: 3/3
   701 | D:2      | Found a snail-covered altar of Cheibriados.
   708 | D:2      | Became a worshipper of Cheibriados the Contemplative
  1064 | D:2      | Reached skill level 1 in Invocations
  1365 | D:2      | Reached XP level 4. HP: 28/28 MP: 4/4
  1572 | D:3      | Found a shattered altar of Ashenzari.
  1621 | D:3      | Reached skill level 4 in Maces & Flails
  1748 | D:3      | Reached * piety under Cheibriados
  2315 | D:4      | Noticed an ogre
  2321 | D:4      | Killed an ogre
  2321 | D:4      | Reached skill level 5 in Maces & Flails
  2321 | D:4      | Reached XP level 5. HP: 32/32 MP: 6/6
  2377 | D:4      | Reached XP level 6. HP: 25/37 MP: 7/7
  2428 | D:4      | Found a glowing golden altar of the Shining One.
  2617 | D:4      | Found Nanah's Gadget Emporium.
  2844 | D:4      | Reached ** piety under Cheibriados
  2844 | D:4      | Reached skill level 6 in Maces & Flails
  2982 | D:4      | Found a burning altar of Makhleb.
  3100 | D:5      | Entered Level 5 of the Dungeon
  3156 | D:5      | Found a basalt altar of Yredelemnul.
  3221 | D:5      | Reached XP level 7. HP: 41/41 MP: 8/8
  3250 | D:5      | Reached skill level 7 in Maces & Flails
  3316 | D:5      | Noticed 100101001's ghost (novice DsWn)
  3328 | D:5      | Killed 100101001's ghost
  3328 | D:5      | Reached skill level 8 in Maces & Flails
  3328 | D:5      | Reached XP level 8. HP: 35/46 MP: 9/9
  3680 | D:5      | Reached skill level 9 in Maces & Flails
  4175 | D:6      | Slain by an orc warrior

Vault maps used:
D:1:      lightli_arrival_chessboard
D:2:      cheibriados_altar_1
D:3:      cheibrodos_ashenzari_chains
D:4:      nicolae_overflow_crystal_walls, tso_oasis_becter, serial_shops,
          nicolae_shop_statue_plus
D:5:      old_standard_altar, first_bread

Skill      XL: |  1  2  3  4  5  6  7  8 |
---------------+-------------------------+-----
Maces & Flails | 3 5 6 8 9 |  9.9
Invocations    | 1 2 |  2.1
Fighting       | |  3.2
Armour         | |  3.2
Shields        | |  3.2

Action                   |  1- 3 |  4- 6 |  7- 9 || total
-------------------------+-------+-------+-------++-------
Melee: Flail             |   110 |    44 |    35 ||   189
       Morningstar       |       |   121 |    54 ||   175
Throw: Throwing net      |       |     1 |     1 ||     2
Invok: Bend Time         |       |       |     1 ||     1
  Use: Potion            |       |       |     1 ||     1
  Eat: Chunk             |     2 |     4 |     2 ||     8
Armor: Scale mail        |    61 |    81 |    46 ||   188
Dodge: Dodged            |    28 |    42 |    27 ||    97
Block: Shield            |    52 |    82 |    56 ||   190
